Map: King's Cove LE

Players

Awers - Winner!

  • Race: Terran Terran
  • Spawn Location: 11:00

Fallenger

  • Race: Zerg Zerg
  • Spawn Location: 5:00

Event: 2019 WCS Summer

VOD

Have the link to the VOD?

Description

Time

  • Played on: July 12, 2019, 7:09 a.m.
  • Length: 10:10

All games in this series

Show
View Real Time Build Order
Export as new Build Order

Awers Terran - Winner!

Build Orders: Reaper Expand, Mech 

Get SALT Encoding   

  12  0:01  SCV  
  13  0:13  SCV  
  14  0:19  Supply Depot  
  14  0:25  SCV  
  15  0:41  Barracks, SCV  
  16  0:45  Refinery  
  16  0:53  SCV  
  17  1:05  SCV  
  18  1:17  SCV  
  19  1:29  Reaper  
  19  1:30  Orbital Command  
  20  1:44  Command Center  
  20  1:52  Supply Depot  
  20  1:56  SCV  
  21  2:01  Marine  
  22  2:10  SCV  
  23  2:16  Factory  
  23  2:23  Barracks Reactor  
  23  2:24  SCV  
  24  2:31  Refinery  
  24  2:36  SCV  
  25  2:52  SCV  
  25  2:56  Orbital Command  
  26  3:02  Marine x2, Starport  
  26  3:03  Hellion  
  26  3:04  SCV  
  30  3:16  SCV  
  31  3:24  SCV  
  32  3:31  SCV  
  33  3:37  Barracks Tech Lab, SCV  
  33  3:40  Viking  
  36  3:43  SCV  
  36  3:44  Hellion x2  
  36  3:46  Supply Depot  
  41  3:49  SCV  
  41  3:53  Armory  
  41  3:55  SCV  
  43  4:01  SCV  
  44  4:07  SCV  
  45  4:13  SCV, Hellion x2  
  45  4:16  Supply Depot  
  49  4:19  SCV  
  50  4:25  SCV  
  50  4:30  Command Center  
  51  4:33  SCV  
  51  4:37  Banshee  
  55  4:42  Terran Vehicle Weapons Level 1  
  55  4:43  SCV  
  56  4:47  Refinery x2  
  56  4:55  SCV, Supply Depot  
  56  4:57  SCV, Factory  
  58  5:02  Factory  
  58  5:08  SCV, Supply Depot  
  58  5:09  SCV  
  60  5:18  Hellion  
  60  5:20  SCV  
  63  5:21  SCV  
  63  5:23  Barracks Tech Lab  
  64  5:32  SCV  
  64  5:33  Starport Reactor  
  66  5:35  SCV  
  66  5:37  Factory  
  66  5:44  SCV, Hellion x2  
  66  5:47  SCV  
  72  5:56  Siege Tank x2, Refinery, SCV  
  79  5:59  SCV  
  80  6:06  Refinery  
  80  6:07  Hellion x2  
  80  6:08  SCV  
  85  6:12  SCV  
  86  6:19  Viking x2  
  90  6:26  Hellion  
  92  6:35  Siege Tank  
  92  6:38  SCV  
  95  6:40  SCV  
  93  6:49  Factory Tech Lab  
  93  6:50  SCV  
  93  6:52  SCV  
  96  7:02  SCV  
  96  7:04  SCV  
  93  7:14  SCV  
  98  7:19  Thor x2  
  101  7:23  Supply Depot  
  101  7:25  Supply Depot  
  101  7:26  SCV  
  101  7:27  SCV  
  103  7:32  Orbital Command  
  103  7:37  Terran Vehicle Weapons Level 2  
  103  7:38  SCV  
  103  7:41  SCV  
  105  7:47  Factory  
  105  7:50  SCV  
  106  7:51  Siege Tank  
  106  7:53  SCV  
  106  7:57  Engineering Bay, SCV  
  111  8:01  Infernal Pre-Igniter  
  111  8:02  SCV  
  112  8:05  SCV  
  112  8:10  SCV  
  114  8:14  Siege Tank, SCV  
  114  8:15  Hellion x3  
  114  8:17  SCV  
  114  8:19  Supply Depot x2  
  125  8:20  Starport Reactor  
  125  8:24  Supply Depot  
  125  8:33  Supply Depot  
  125  8:34  Supply Depot  
  125  8:36  Supply Depot  
  125  8:40  Siege Tank  
  125  8:41  Hellion x2  
  132  8:48  Siege Tank x2  
  138  8:51  Missile Turret  
  138  8:53  Command Center  
  138  8:57  Medivac  
  138  8:58  Medivac  
  142  9:07  Hellion x2  
  146  9:13  Siege Tank  
  146  9:15  Hellion  
  151  9:17  Hellion  
  156  9:24  Siege Tank  
  156  9:25  Starport x2  
  156  9:27  Siege Tank  
  159  9:44  Hellion  
  156  10:06  Starport Tech Lab x2  
Show
View Real Time Build Order
Export as new Build Order

Fallenger Zerg 

Build Orders: Hatch First 

Get SALT Encoding   

  12  0:00  Drone  
  13  0:12  Overlord  
  13  0:18  Drone  
  14  0:32  Drone x2  
  16  0:50  Hatchery  
  16  0:53  Drone  
  16  0:57  Drone  
  16  1:01  Drone  
  18  1:11  Extractor  
  17  1:16  Spawning Pool  
  16  1:19  Drone  
  16  1:22  Drone  
  18  1:29  Drone  
  19  1:38  Drone  
  20  1:51  Drone  
  21  2:03  Queen x2  
  21  2:04  Zergling x4  
  27  2:19  Drone  
  28  2:22  Overlord  
  28  2:27  Extractor  
  27  2:31  Drone  
  28  2:37  Metabolic Boost  
  28  2:40  Extractor, Queen  
  30  2:44  Drone x2  
  30  2:45  Overlord  
  30  2:47  Drone x2  
  34  2:58  Hatchery  
  34  3:02  Drone  
  34  3:03  Drone  
  36  3:07  Drone  
  37  3:14  Drone x2  
  37  3:15  Drone  
  37  3:19  Drone x3  
  42  3:30  Overlord  
  42  3:35  Drone  
  42  3:39  Overlord  
  42  3:40  Overlord  
  42  3:48  Roach Warren  
  41  3:54  Zergling x8, Extractor  
  44  3:55  Extractor  
  44  3:57  Drone, Overlord  
  44  3:59  Drone  
  44  4:02  Lair  
  45  4:10  Spore Crawler  
  45  4:15  Drone  
  45  4:16  Drone x2  
  48  4:20  Drone  
  48  4:21  Drone x3  
  52  4:27  Drone x2  
  52  4:30  Pneumatized Carapace  
  52  4:31  Overlord  
  54  4:34  Drone x2  
  54  4:36  Drone  
  57  4:43  Queen  
  59  4:48  Roach x2  
  59  4:51  Roach  
  64  4:53  Roach  
  64  4:57  Overlord  
  66  5:00  Glial Reconstitution  
  66  5:04  Spore Crawler  
  66  5:05  Spore Crawler  
  66  5:06  Spore Crawler  
  63  5:08  Roach  
  65  5:18  Queen x2  
  69  5:28  Overseer  
  69  5:29  Roach x4  
  69  5:33  Roach  
  69  5:34  Roach  
  81  5:42  Roach x4  
  88  5:49  Overlord x2  
  88  5:57  Queen  
  88  5:58  Overseer, Overlord  
  87  6:14  Roach x3  
  87  6:15  Roach  
  95  6:30  Overseer  
  89  6:38  Roach x7  
  93  6:47  Drone x4  
  93  6:48  Drone x6  
  93  6:49  Queen  
  93  6:50  Drone  
  96  6:54  Evolution Chamber  
  96  7:00  Drone x2  
  89  7:10  Drone x3  
  89  7:14  Drone  
  91  7:19  Drone x2  
  91  7:22  Zerg Missile Weapons Level 1  
  93  7:24  Evolution Chamber, Extractor  
  93  7:28  Infestation Pit  
  90  7:30  Hydralisk Den  
  90  7:31  Drone x3  
  90  7:32  Drone x3  
  90  7:34  Extractor  
  90  7:35  Extractor  
  93  7:40  Drone  
  93  7:41  Drone x3  
  95  7:50  Drone, Zerg Ground Armor Level 1  
  95  7:51  Drone x2  
  98  7:53  Hatchery  
  97  8:04  Grooved Spines  
  97  8:05  Hive  
  97  8:07  Overlord x3  
  97  8:09  Overlord x3  
  91  8:14  Hydralisk x2  
  93  8:28  Overlord  
  93  8:31  Hydralisk x6  
  103  8:36  Hydralisk  
  103  8:37  Hydralisk  
  107  8:42  Spore Crawler  
  107  8:47  Hydralisk x4  
  110  8:52  Drone  
  110  8:53  Drone x3  
  110  8:55  Drone x3  
  117  9:03  Hydralisk x3  
  123  9:12  Overseer  
  123  9:13  Hydralisk x4  
  131  9:20  Viper  
  131  9:23  Extractor x2  
  131  9:24  Drone x4  
  136  9:33  Viper  
  136  9:38  Zergling x20, Roach  
  148  9:51  Overseer  
Tags
 
Add a new tag
Caveats
  • Supply blocks, unpowered buildings, or Contaminate may cause inaccurate times.
  • Supply counts are checked every 10 seconds.